| TOP OF THE 1ST |
|
Boston Red Sox batting - Pitching for Kansas City Royals : RHP Donald Moore
|
|
Pitching: RHP Donald Moore
|
|
|
Batting: SHB Dave Collins
|
0-0: Ball 1-0: Foul Ball, location: 2F 1-1: Ball 2-1: Called Strike 2-2: Foul Ball, location: 2F 2-2: Ground out U3 (Groundball, 3, EV 105.0 MPH)
|
|
Batting: LHB Willie Aikens
|
0-0: SINGLE (Flyball, 34D, EV 85.0 MPH)
|
|
Batting: RHB Jeff Burroughs
|
0-0: Fly out, F8 (Flyball, 8LS, EV 94.4 MPH)
|
|
Batting: LHB George Brett
|
0-0: Foul Ball, location: 2F 0-1: Ball 1-1: Swinging Strike 1-2: SINGLE (Line Drive, 5D, EV 105.0 MPH) Willie Aikens to second
|
|
Batting: RHB Richie Zisk
|
0-0: Swinging Strike 0-1: Ball 1-1: Swinging Strike 1-2: Foul Ball, location: 2F 1-2: Foul Ball, location: 2F 1-2: Strikes out looking
|
| Top of the 1st over - 0 runs, 2 hits, 0 errors, 2 left on base; Boston 0 - Kansas City 0 |
| BOTTOM OF THE 1ST |
|
Kansas City Royals batting - Pitching for Boston Red Sox : LHP Victor Rose
|
|
Pitching: LHP Victor Rose
|
|
|
Batting: RHB Rickey Henderson
|
0-0: Ball 1-0: Foul Ball, location: 2F 1-1: Fly out, F9 (Flyball, 9, EV 82.5 MPH)
|
|
Batting: LHB Gene Richards
|
0-0: Called Strike 0-1: Ball 1-1: Ball 2-1: Foul Ball, location: 2F 2-2: Strikes out swinging
|
|
Batting: RHB Jeffrey Leonard
|
0-0: Ball 1-0: Ball 2-0: Called Strike 2-1: Fly out, F9 (Flyball, 9LS, EV 87.5 MPH)
|
| Bottom of the 1st over - 0 runs, 0 hits, 0 errors, 0 left on base; Boston 0 - Kansas City 0 |
| TOP OF THE 2ND |
|
Boston Red Sox batting - Pitching for Kansas City Royals : RHP Donald Moore
|
|
Batting: SHB Scotti Madison
|
0-0: Ball 1-0: Foul Ball, location: 2F 1-1: Ball 2-1: Swinging Strike 2-2: Ball 3-2: Foul Ball, location: 2F 3-2: Foul Ball, location: 2F 3-2: Foul Ball, location: 2F 3-2: Base on Balls
|
|
Batting: LHB Daryl Sconiers
|
0-0: Fly out, F8 (Line Drive, 8RM, EV 105.0 MPH)
|
|
Batting: RHB Mark Grady
|
0-0: Called Strike Scotti Madison steals 2nd base 0-1: Ball 1-1: Ball 2-1: Called Strike 2-2: Foul Ball, location: 2F 2-2: Ball 3-2: Foul Ball, location: 2F 3-2: Strikes out swinging
|
|
Batting: RHB Kevin Klettke
|
0-0: Ground out 6-3 (Groundball, 6, EV 105.6 MPH)
|
| Top of the 2nd over - 0 runs, 0 hits, 0 errors, 1 left on base; Boston 0 - Kansas City 0 |
| BOTTOM OF THE 2ND |
|
Kansas City Royals batting - Pitching for Boston Red Sox : LHP Victor Rose
|
|
Batting: RHB Charlie O'Brien
|
0-0: Ball 1-0: DOUBLE (Line Drive, 78M, EV 90.0 MPH)
|
|
Batting: RHB Gary Carter
|
0-0: Swinging Strike 0-1: Foul Ball, location: 2F 0-2: Foul Ball, location: 2F 0-2: Ball 1-2: Ball 2-2: Fly out, F8 (Flyball, 8LD, EV 96.3 MPH)
|
|
Batting: RHB Alberto Gonzalez
|
0-0: Swinging Strike 0-1: Called Strike 0-2: Ball 1-2: Strikes out looking
|
|
Batting: RHB Bob Horner
|
0-0: Ball 1-0: Hit by Pitch
|
|
Batting: LHB Alvin Davis
|
0-0: Ball 1-0: Called Strike 1-1: Ball 2-1: Ball 3-1: Base on Balls Charlie O'Brien to third Bob Horner to second
|
|
Batting: LHB Rick Manning
|
0-0: Foul Ball, location: 2F 0-1: Ball 1-1: Ball 2-1: Ground out 6-3 (Groundball, 15, EV 86.3 MPH)
|
| Bottom of the 2nd over - 0 runs, 1 hit, 0 errors, 3 left on base; Boston 0 - Kansas City 0 |
| TOP OF THE 3RD |
|
Boston Red Sox batting - Pitching for Kansas City Royals : RHP Donald Moore
|
|
Batting: SHB Dave Collins
|
0-0: Called Strike 0-1: Ball 1-1: Swinging Strike 1-2: Strikes out looking
|
|
Batting: LHB Willie Aikens
|
0-0: Ball 1-0: Ball 2-0: Fly out, F8 (Flyball, 8RD, EV 93.1 MPH)
|
|
Batting: RHB Jeff Burroughs
|
0-0: Foul Ball, location: 2F 0-1: Ball 1-1: SINGLE (Groundball, 4MD, EV 96.3 MPH)
|
|
Batting: LHB George Brett
|
0-0: Called Strike 0-1: Ball 1-1: Foul Ball, location: 2F 1-2: Ball 2-2: Strikes out swinging
|
| Top of the 3rd over - 0 runs, 1 hit, 0 errors, 1 left on base; Boston 0 - Kansas City 0 |
| BOTTOM OF THE 3RD |
|
Kansas City Royals batting - Pitching for Boston Red Sox : LHP Victor Rose
|
|
Batting: RHB Rickey Henderson
|
0-0: Ball 1-0: Called Strike 1-1: Ball 2-1: Ball 3-1: Swinging Strike 3-2: Foul Ball, location: 2F 3-2: Fly out, F9 (Flyball, 9S, EV 75.0 MPH)
|
|
Batting: LHB Gene Richards
|
0-0: Foul Ball, location: 2F 0-1: Ball 1-1: Foul Ball, location: 2F 1-2: Strikes out swinging
|
|
Batting: RHB Jeffrey Leonard
|
0-0: Ball 1-0: Foul Ball, location: 2F 1-1: Swinging Strike 1-2: Ball 2-2: Ball 3-2: Base on Balls
|
|
Batting: RHB Charlie O'Brien
|
0-0: Ball 1-0: Ball 2-0: Called Strike Jeffrey Leonard steals 2nd base 2-1: Foul Ball, location: 2F 2-2: Ball 3-2: Hit by Pitch
|
|
Batting: RHB Gary Carter
|
0-0: Ground out 4-3 (Groundball, 34D, EV 107.5 MPH)
|
| Bottom of the 3rd over - 0 runs, 0 hits, 0 errors, 2 left on base; Boston 0 - Kansas City 0 |
| TOP OF THE 4TH |
|
Boston Red Sox batting - Pitching for Kansas City Royals : RHP Donald Moore
|
|
Batting: RHB Richie Zisk
|
0-0: Ball 1-0: Foul Ball, location: 2F 1-1: Ball 2-1: Swinging Strike 2-2: Fly out, F9 (Flyball, 9S, EV 91.9 MPH)
|
|
Batting: SHB Scotti Madison
|
0-0: Called Strike 0-1: Called Strike 0-2: Ground out 4-3 (Groundball, 4M, EV 86.9 MPH)
|
|
Batting: LHB Daryl Sconiers
|
0-0: Ball 1-0: Called Strike 1-1: Ball 2-1: Called Strike 2-2: Ball 3-2: Fly out, F9 (Flyball, 89S, EV 85.6 MPH)
|
| Top of the 4th over - 0 runs, 0 hits, 0 errors, 0 left on base; Boston 0 - Kansas City 0 |
| BOTTOM OF THE 4TH |
|
Kansas City Royals batting - Pitching for Boston Red Sox : LHP Victor Rose
|
|
Batting: RHB Alberto Gonzalez
|
0-0: Ball 1-0: Called Strike 1-1: Foul Ball, location: 2F 1-2: Ball 2-2: Strikes out swinging
|
|
Batting: RHB Bob Horner
|
0-0: Ball 1-0: Ground out 5-3 (Groundball, 56, EV 82.5 MPH)
|
|
Batting: LHB Alvin Davis
|
0-0: Called Strike 0-1: Ball 1-1: Swinging Strike 1-2: Strikes out swinging
|
| Bottom of the 4th over - 0 runs, 0 hits, 0 errors, 0 left on base; Boston 0 - Kansas City 0 |
| TOP OF THE 5TH |
|
Boston Red Sox batting - Pitching for Kansas City Royals : RHP Donald Moore
|
|
Batting: RHB Mark Grady
|
0-0: Called Strike 0-1: Hit by Pitch
|
|
Batting: RHB Kevin Klettke
|
0-0: Sac Bunt to 23 - play at first, batter OUT! 3-4 Mark Grady to second
|
|
Batting: SHB Dave Collins
|
0-0: Ball 1-0: Foul Ball, location: 2F 1-1: Ball 2-1: SINGLE (Flyball, 8RS, EV 93.8 MPH) Mark Grady to third Runner from 3rd tries for Home, SAFE, throw by CF to home Dave Collins to second
|
|
Batting: LHB Willie Aikens
|
0-0: Called Strike 0-1: Called Strike 0-2: Foul Ball, location: 2F 0-2: Ball 1-2: Strikes out swinging
|
|
Batting: RHB Jeff Burroughs
|
0-0: Ball 1-0: Ball 2-0: Ball 3-0: Base on Balls
|
|
Batting: LHB George Brett
|
0-0: Ball 1-0: Ball 2-0: Called Strike 2-1: Ball 3-1: Fielders Choice at 2nd, 6-4 (Groundball, 6, EV 80.0 MPH)
|
| Top of the 5th over - 1 run, 1 hit, 0 errors, 2 left on base; Boston 1 - Kansas City 0 |
| BOTTOM OF THE 5TH |
|
Kansas City Royals batting - Pitching for Boston Red Sox : LHP Victor Rose
|
|
Batting: LHB Rick Manning
|
0-0: Foul Ball, location: 2F 0-1: Fly out, F6 (Popup, 6, EV 65.0 MPH)
|
|
Batting: RHB Rickey Henderson
|
0-0: Ball 1-0: Ball 2-0: Called Strike 2-1: Ball 3-1: Base on Balls
|
|
Batting: LHB Gene Richards
|
0-0: Called Strike 0-1: Ball 1-1: Ball 2-1: Called Strike 2-2: Strikes out swinging
|
|
Batting: RHB Jeffrey Leonard
|
0-0: Ball 1-0: Ball 2-0: Called Strike 2-1: Fielders Choice at 2nd, 6-4 (Groundball, 6, EV 85.0 MPH)
|
| Bottom of the 5th over - 0 runs, 0 hits, 0 errors, 1 left on base; Boston 1 - Kansas City 0 |
| TOP OF THE 6TH |
|
Boston Red Sox batting - Pitching for Kansas City Royals : RHP Donald Moore
|
|
Batting: RHB Richie Zisk
|
0-0: Fly out, F8 (Flyball, 8LM, EV 85.6 MPH)
|
|
Batting: SHB Scotti Madison
|
0-0: Called Strike 0-1: Ball 1-1: Called Strike 1-2: Ground out 4-3 (Groundball, 4, EV 83.1 MPH)
|
|
Batting: LHB Daryl Sconiers
|
0-0: Fly out, F9 (Flyball, 9, EV 90.0 MPH)
|
| Top of the 6th over - 0 runs, 0 hits, 0 errors, 0 left on base; Boston 1 - Kansas City 0 |
| BOTTOM OF THE 6TH |
|
Kansas City Royals batting - Pitching for Boston Red Sox : LHP Victor Rose
|
|
Batting: RHB Charlie O'Brien
|
0-0: Called Strike 0-1: SINGLE (Groundball, 6MD, EV 95.0 MPH)
|
|
Batting: RHB Gary Carter
|
0-0: Swinging Strike 0-1: Foul Ball, location: 2F 0-2: Foul Ball, location: 2F 0-2: Ball 1-2: Fly out, F9 (Flyball, 9S, EV 91.3 MPH)
|
|
Batting: RHB Alberto Gonzalez
|
0-0: Called Strike 0-1: Foul Ball, location: 2F 0-2: Strikes out swinging
|
|
Batting: RHB Bob Horner
|
0-0: Ball 1-0: Fly out, F8 (Flyball, 8RS, EV 78.8 MPH)
|
| Bottom of the 6th over - 0 runs, 1 hit, 0 errors, 1 left on base; Boston 1 - Kansas City 0 |
| TOP OF THE 7TH |
|
Boston Red Sox batting - Pitching for Kansas City Royals : RHP Donald Moore
|
|
Batting: RHB Mark Grady
|
0-0: Called Strike 0-1: Swinging Strike 0-2: Ground out 6-3 (Groundball, 6, EV 85.6 MPH)
|
|
Batting: RHB Kevin Klettke
|
0-0: Called Strike 0-1: Ball 1-1: Ball 2-1: Ball 3-1: Fly out, F8 (Flyball, 89D, EV 96.9 MPH)
|
|
Pitching: RHP Orel Hershiser
|
|
|
Batting: SHB Dave Collins
|
0-0: Ball 1-0: Swinging Strike 1-1: Ball 2-1: Called Strike 2-2: SINGLE (Line Drive, 89M, EV 103.8 MPH)
|
|
Batting: LHB Willie Aikens
|
0-0: Ball Dave Collins is caught stealing 2nd base 2-6
|
| Top of the 7th over - 0 runs, 1 hit, 0 errors, 0 left on base; Boston 1 - Kansas City 0 |
| BOTTOM OF THE 7TH |
|
Kansas City Royals batting - Pitching for Boston Red Sox : LHP Victor Rose
|
|
Batting: LHB Alvin Davis
|
0-0: Ball 1-0: Called Strike 1-1: Swinging Strike 1-2: Strikes out looking
|
|
Pitching: LHP Gary Pickert
|
|
|
Batting: LHB Rick Manning
|
0-0: Ball 1-0: Called Strike 1-1: Ball 2-1: Called Strike 2-2: Ball 3-2: Fly out, F5 (Line Drive, 5, EV 67.5 MPH)
|
|
Batting: RHB Rickey Henderson
|
0-0: SINGLE (Groundball, 56D, EV 103.1 MPH) (infield hit)
|
|
Batting: LHB Gene Richards
|
0-0: Ball 1-0: Ball 2-0: Called Strike 2-1: Swinging Strike 2-2: Strikes out swinging
|
| Bottom of the 7th over - 0 runs, 1 hit, 0 errors, 1 left on base; Boston 1 - Kansas City 0 |
| TOP OF THE 8TH |
|
Boston Red Sox batting - Pitching for Kansas City Royals : RHP Orel Hershiser
|
|
Batting: LHB Willie Aikens
|
0-0: Foul Ball, location: 2F 0-1: Called Strike 0-2: Strikes out looking
|
|
Batting: RHB Jeff Burroughs
|
0-0: Ball 1-0: Called Strike 1-1: Called Strike 1-2: Ball 2-2: Foul Ball, location: 2F 2-2: Foul Ball, location: 2F 2-2: Strikes out swinging
|
|
Batting: LHB George Brett
|
0-0: Ball 1-0: Ball 2-0: Fly out, F9 (Flyball, 89S, EV 85.6 MPH)
|
| Top of the 8th over - 0 runs, 0 hits, 0 errors, 0 left on base; Boston 1 - Kansas City 0 |
| BOTTOM OF THE 8TH |
|
Kansas City Royals batting - Pitching for Boston Red Sox : LHP Gary Pickert
|
|
Batting: RHB Jeffrey Leonard
|
0-0: Called Strike 0-1: Fly out, F9 (Flyball, 89M, EV 86.3 MPH)
|
|
Batting: RHB Charlie O'Brien
|
0-0: Fly out, F9 (Flyball, 9S, EV 93.8 MPH)
|
|
Batting: RHB Gary Carter
|
0-0: Called Strike 0-1: Fly out, F9 (Flyball, 9D, EV 95.6 MPH)
|
| Bottom of the 8th over - 0 runs, 0 hits, 0 errors, 0 left on base; Boston 1 - Kansas City 0 |
| TOP OF THE 9TH |
|
Boston Red Sox batting - Pitching for Kansas City Royals : RHP Orel Hershiser
|
|
Batting: RHB Richie Zisk
|
0-0: Ball 1-0: Called Strike 1-1: Foul Ball, location: 2F 1-2: Ball 2-2: Strikes out swinging
|
|
Batting: SHB Scotti Madison
|
0-0: Ball 1-0: Ball 2-0: Fly out, F8 (Flyball, 89D, EV 104.4 MPH)
|
|
Batting: LHB Daryl Sconiers
|
0-0: Ball 1-0: Swinging Strike 1-1: Foul Ball, location: 2F 1-2: Ball 2-2: Foul Ball, location: 2F 2-2: Strikes out swinging
|
| Top of the 9th over - 0 runs, 0 hits, 0 errors, 0 left on base; Boston 1 - Kansas City 0 |
| BOTTOM OF THE 9TH |
|
Kansas City Royals batting - Pitching for Boston Red Sox : LHP Gary Pickert
|
|
Batting: RHB Alberto Gonzalez
|
0-0: Ground out 5-3 (Groundball, 5S, EV 93.8 MPH)
|
|
Batting: RHB Bob Horner
|
0-0: Ball 1-0: SINGLE (Groundball, 4MD, EV 101.9 MPH)
|
|
Batting: LHB Alvin Davis
|
0-0: Swinging Strike 0-1: Ball 1-1: Foul Ball, location: 2F 1-2: Strikes out swinging
|
|
Batting: LHB Rick Manning
|
0-0: Swinging Strike 0-1: Ball Wild Pitch! Bob Horner to second 1-1: Called Strike 1-2: Ball 2-2: Ball 3-2: Ground out 2-3 (Groundball, 2R, EV 71.3 MPH)
|
| Bottom of the 9th over - 0 runs, 1 hit, 0 errors, 1 left on base; Boston 1 - Kansas City 0 |
|